[Event "16th Serbian-ch Women 2022"]
[Site "Bajina Basta"]
[Date "2022.12.08"]
[Round "3.4"]
[White "Vujcic, Milena"]
[Black "Manakova, Maria"]
[Result "1/2-1/2"]
[ECO "C02"]
[WhiteElo "2029"]
[BlackElo "2160"]
[Annotator "TA"]
[PlyCount "59"]
[EventDate "2022.12.06"]
[EventType "tourn"]
[EventCountry "SRB"]
[SourceTitle "playchess.com"]
[Source "ChessBase"]
[SourceQuality "1"]
[TimeControl "40/5400+30:1800+30"]

1. e4 e6 2. d4 d5 3. e5 c5 4. c3 Nc6 5. Nf3 Bd7 6. Be2 Nge7 7. Na3 Ng6 8. Nc2 cxd4 9. cxd4 f6 {[%emt 0:01:17] C02: French: Advance Variation.} 10. h4 (10. exf6 $11 Qxf6 11. O-O) 10... fxe5 $15 11. h5 {[%emt 0:00:05] Prevents e4.} Nf4 (11... e4 $1 $15 12. hxg6 exf3 13. Bxf3 h6) 12. dxe5 $11 Nxe2 (12... Nxg2+ $2 13. Kf1 $18) 13. Qxe2 {[%emt 0:00:05] [#]} Be7 $146 ({Predecessor:} 13... Qa5+ 14. Bd2 Qa4 15. Bc3 Be7 16. Nfd4 Nxd4 17. Nxd4 O-O 18. O-O Rf4 19. b3 Qa6 20. Qxa6 bxa6 {½-½ (46) Caruana,F (2820)-Nepomniachtchi,I (2792) chess24.com INT 2021}) 14. Nfd4 ({White should try} 14. h6 $11) 14... O-O $15 15. h6 {[%emt 0:08:42] [#] Hoping for Nxc6.} g6 {[%emt 0:00:27] Black wants to play ...Qb6.} 16. f4 (16. O-O $1 $11) 16... Bb4+ $17 17. Nxb4 {[%emt 0:16:51] Threatens to win with Nbc2.} Nxd4 18. Qf2 Qb6 19. Bd2 {[%emt 0:01:56][%cal Bc1d2,Bd2c3,Bc3d4][%mdl 32] [#]} a5 ({Black should play} 19... Rac8 $1 $17 {aiming for ...Rc4.} 20. Rd1 Nc2+ 21. Nxc2 Qxf2+ 22. Kxf2 Rxc2) 20. Bc3 $11 {[%emt 0:01:39] Strongly threatening Nd3.} axb4 (20... Rac8 $5 ) 21. Bxd4 Qb5 22. Kd2 b3 23. axb3 Rxa1 24. Rxa1 Qb4+ 25. Bc3 Qe4 (25... Rxf4 $2 26. Ra8+ $18) 26. Qf3 Qxf3 {[%emt 0:02:49] The position is equal.} ({Don't take} 26... Rxf4 27. Ra8+ Kf7 28. Qxe4 dxe4 29. Rh8 $16) 27. gxf3 Rxf4 28. Ra8+ Rf8 29. Rxf8+ Kxf8 30. f4 {[%emt 0:00:10] Weighted Error Value: White=0.22 (precise) /Black=0.16 (very precise)} 1/2-1/2

[Event "16th Serbian-ch Women 2022"]
[Site "Bajina Basta"]
[Date "2022.12.08"]
[Round "3.5"]
[White "Chelushkina, Irina"]
[Black "Gajcin, Marina"]
[Result "1-0"]
[ECO "B33"]
[WhiteElo "2173"]
[BlackElo "2219"]
[Annotator "TA"]
[PlyCount "97"]
[EventDate "2022.12.06"]
[EventType "tourn"]
[EventCountry "SRB"]
[SourceTitle "playchess.com"]
[Source "ChessBase"]
[SourceQuality "1"]
[TimeControl "40/5400+30:1800+30"]

1. e4 c5 2. Nf3 Nc6 3. d4 cxd4 4. Nxd4 Nf6 5. Nc3 e5 6. Ndb5 d6 7. Nd5 Nxd5 8. exd5 Nb8 9. a4 a6 {[%emt 0:08:01] B33: Sicilian: Pelikan and Sveshnikov Variations.} 10. Na3 Nd7 11. Nc4 b6 {[%emt 0:06:00] The position is equal.} 12. a5 Be7 (12... b5 $11 {remains equal.} 13. Ne3 Be7) 13. axb6 $16 {[%emt 0:00:22] White is more active.} Nxb6 14. Na5 $1 {[%emt 0:00:09] [#]} Bg5 $146 ({Predecessor:} 14... Qc7 15. Be3 Bb7 16. c4 Nd7 17. Be2 f5 18. f3 Bh4+ 19. g3 f4 20. Bf2 Bg5 {1-0 (38) Sakelsek,T (2395)-Riera Sola,L (2067) Andorra 2005}) 15. Be2 (15. Nc6 {looks sharper.} Qf6 16. c4 O-O 17. Be2) 15... Bxc1 16. Qxc1 ({Much less strong is} 16. Rxc1 Na4 17. Qd2 O-O) 16... O-O 17. c4 Qh4 18. Qd2 (18. O-O $16) 18... Nd7 (18... f5 $1 $14) 19. g3 (19. b4 $16) 19... Qh3 $14 20. Bf1 {[%emt 0:00:11] Inhibits Qg2.} Qg4 (20... Qh5 $1 $14) 21. Qe2 ({Better is} 21. Bg2 $1 $16) 21... Qxe2+ 22. Bxe2 Rb8 {[%emt 0:05:51] Against b4} 23. Ra2 Nc5 24. Nc6 $36 {[%emt 0:00:28][%mdl 2048] White is pushing.} Rb3 25. O-O Bh3 (25... Bb7 $11) 26. Rfa1 $16 f5 27. Bd1 {[%emt 0:00:49] Prevents Bg4.} Rb7 (27... Rb6 $16 {was necessary.}) 28. b4 $18 Ne4 (28... Nd3 $16) 29. f3 ({But not} 29. Rxa6 g6 30. R6a3 Rd7 $18) 29... Nc3 30. Rxa6 f4 31. Ra8 {[%emt 0:01:25] aiming for Rxf8+.} Rbf7 (31... g5 $142 32. Bc2 Ne2+ 33. Kf2 Nd4) 32. Rxf8+ Rxf8 33. Rc1 Nxd1 34. Rxd1 fxg3 35. hxg3 Rxf3 {[%emt 0:00:07][%mdl 4096] Endgame KRB-KRN} 36. Kh2 {[%emt 0:00:10] Inhibits h5.} (36. c5 $1 $18 ) 36... Bg4 $16 {[%emt 0:03:31] [#]} 37. c5 (37. Rb1 $1 $16) 37... e4 ({Black should try} 37... dxc5 $1 $14 38. bxc5 Rc3) 38. Re1 $18 e3 (38... dxc5 $16 {was worth a try.} 39. bxc5 (39. Rxe4 Bf5 $16) 39... e3) 39. cxd6 Rf6 $2 (39... h5 40. Kg2 Kh7) 40. Rxe3 {[%emt 0:02:16] Re8+ is the strong threat.} Rxd6 41. b5 {[%emt 0:30:50][%cal Bb4b5,Bb5b6][%mdl 32] Threatens to win with b6.} Kf8 42. b6 {[%emt 0:00:00] b7 would kill now.} Bc8 {[%emt 0:03:39] [#] Inhibits b7.} 43. Ra3 $1 {[%emt 0:00:00] White threatens Ra8 and mate.} Ke8 44. Ra8 {[%emt 0:00:00] White wants to mate with b7.} Kd7 {[%emt 0:00:14] Against b7} 45. Ra7+ Ke8 46. Re7+ Kf8 47. Rc7 Ba6 48. Ra7 Bc8 49. Ra8 {[%emt 0:00:00] Weighted Error Value: White=0.15 (very precise) /Black=0.70} 1-0

[Event "16th Serbian-ch Women 2022"]
[Site "Bajina Basta"]
[Date "2022.12.09"]
[Round "4.1"]
[White "Eric, Jovana"]
[Black "Gajcin, Marina"]
[Result "0-1"]
[ECO "B45"]
[WhiteElo "2245"]
[BlackElo "2219"]
[Annotator "TA"]
[PlyCount "98"]
[EventDate "2022.12.06"]
[EventType "tourn"]
[EventCountry "SRB"]
[SourceTitle "playchess.com"]
[Source "ChessBase"]
[SourceQuality "1"]
[TimeControl "40/5400+30:1800+30"]

1. e4 c5 2. Nf3 e6 3. d4 cxd4 4. Nxd4 Nc6 5. Nc3 Nf6 6. Be2 Bb4 7. O-O d6 {[%emt 0:00:06] B45: Sicilian Four Knights.} 8. Nxc6 bxc6 9. Qd3 O-O {[%emt 0:00:16] White is slightly better.} 10. Bg5 h6 11. Bh4 g5 12. Bg3 e5 {[%emt 0:00:11] [#] Inhibits f4.} 13. Nd1 $146 (13. Na4 $142) ({Predecessor:} 13. Na4 Qe7 14. a3 Ba5 15. c4 Bc7 16. Rac1 a5 17. Rfd1 Be6 18. h4 Kg7 19. hxg5 hxg5 {0-1 (50) Boros,D (2442)-Bykhovsky,A (2496) Chess.com INT 2019}) 13... Bc5 14. Ne3 Rb8 15. b3 Qe7 16. Rad1 Rb6 17. c3 a5 {[%emt 0:11:12] Against b4} 18. Qc2 (18. Nc4 $5 Ba6 19. Qc2 $11) 18... Bxe3 19. fxe3 Be6 20. Qd3 c5 21. Rb1 (21. c4 $1 $15) 21... Rfb8 (21... c4 $17 22. Qc2 (22. bxc4 Rc6 $17) 22... Rfb8 23. Bxc4 (23. bxc4 Rxb1 24. Rxb1 Rxb1+ 25. Qxb1 Qc7 $17) 23... Bxc4 24. bxc4 Rxb1 25. Rxb1 Rxb1+ 26. Qxb1 Qc7) 22. c4 $15 Kg7 23. Bf3 ({White should try} 23. Bd1 $15) 23... a4 $17 24. h3 axb3 25. Rxb3 Rxb3 26. axb3 Ne8 27. Rb1 Qa7 28. Qc3 $2 (28. Rf1 $15) 28... Rb6 (28... Qa2 $19 29. Rb2 Qa1+ 30. Kh2 {[#]} Bxc4 $1) 29. Ra1 Qb7 30. Ra3 Nf6 31. Qd3 h5 32. Be1 g4 33. hxg4 hxg4 34. Bd1 Qxe4 {[%emt 0:00:29] Black is more active.} ({And not} 34... Nxe4 35. Bc2 Bf5 36. Qd1) 35. Qe2 (35. Qxe4 $17 Nxe4 36. Bc2) 35... Qh7 $19 {[%emt 0:01:35] [#] Hoping for ...Bf5.} 36. Ra8 (36. e4 {was necessary.}) 36... Bf5 {[%emt 0:01:47] aiming for ...Ne4.} 37. Ra7 $2 (37. Qf2) 37... Rb8 {[%emt 0:01:42] Black is clearly winning.} 38. e4 Nxe4 39. Bc2 Nf6 (39... Rh8 $142 40. Bxe4 Qh2+ 41. Kf2 Qf4+ 42. Kg1 Bxe4) 40. Bxf5 Qxf5 41. Bh4 Rxb3 42. Ra1 Rb1+ 43. Rxb1 Qxb1+ {[%emt 0:00:03][%mdl 4096] Endgame KQB-KQN} 44. Kh2 Qf5 45. Kg1 Ne4 46. Qd3 Qf4 47. Be1 g3 {[%emt 0:02:21] White must now prevent ...Qh4.} 48. Qe2 Qh4 {[%emt 0:02:42] ( -> ...Qh2+)} 49. Qf3 Nf2 {[%emt 0:00:48] Weighted Error Value: White=0.63/Black=0.35} 0-1

[Event "16th Serbian-ch Women 2022"]
[Site "Bajina Basta"]
[Date "2022.12.09"]
[Round "4.2"]
[White "Manakova, Maria"]
[Black "Chelushkina, Irina"]
[Result "0-1"]
[ECO "B32"]
[WhiteElo "2160"]
[BlackElo "2173"]
[Annotator "TA"]
[PlyCount "68"]
[EventDate "2022.12.06"]
[EventType "tourn"]
[EventCountry "SRB"]
[SourceTitle "playchess.com"]
[Source "ChessBase"]
[SourceQuality "1"]
[TimeControl "40/5400+30:1800+30"]

1. e4 c5 2. Nf3 Nc6 3. d4 cxd4 4. Nxd4 e5 5. Nb5 d6 6. N1c3 a6 7. Na3 b5 8. Nd5 Be7 9. Be3 Rb8 10. c4 {[%emt 0:00:10][%cal Rc4b5] B32: Sicilian: Löwenthal and Kalashnikov Variations.} b4 11. Nc2 Nf6 12. Nxe7 {[%emt 0:07:48] White is slightly better.} Qxe7 13. Be2 O-O {[%emt 0:01:27] [#]} 14. Qd3 $146 ({Predecessor:} 14. O-O Be6 15. f3 Nd7 16. Qd2 Nc5 17. Rad1 Rfd8 18. b3 Qf8 19. Bg5 Rd7 20. Ne3 {½-½ (70) Frey,A (2099)-Nobis,A (1830) Germany 2015}) 14... Be6 15. Bg5 h6 16. Bxf6 Qxf6 17. Qxd6 (17. b3 $11) 17... Rbc8 $15 {[%emt 0:01:17] [#] And now ...Rfd8 would win.} 18. Qd2 (18. Nxb4 $2 Rfd8 19. Nd5 Rxd6 $19) 18... Rfd8 19. Qe3 (19. Qc1 $15) 19... Nd4 $17 {[%emt 0:00:04] Black is much more active. The white rooks are badly placed.} 20. Nxd4 exd4 21. Qd2 {[%emt 0:05:07] Loses the game.} (21. Qb3 $15) 21... d3 $1 $19 (21... Bxc4 22. Bxc4 Rxc4 23. Qd3 $17) 22. Bf3 Rxc4 {[%emt 0:01:10] [#] Strongly threatening ...Rc2.} ({Worse is} 22... Bxc4 23. O-O $17) 23. O-O Qd4 {[%emt 0:10:58] White must now prevent ...Rc2.} 24. Rfd1 (24. Bd1 $142) 24... a5 ({Avoid the trap} 24... Rc2 $2 25. Qxc2 dxc2 26. Rxd4 Rxd4 27. Rc1 $19) 25. b3 Rc3 ({Weaker is} 25... Rc2 26. Qxc2 dxc2 27. Rxd4 Rxd4 28. Rc1 $11) 26. Kf1 (26. Rac1 $142) 26... Qe5 27. g3 Bh3+ 28. Kg1 Qc5 $40 {[%emt 0:04:58][%mdl 128] Black goes for the king.} (28... Rc2 $142 29. Qf4 Qd4) 29. Qf4 (29. Qe3 {was forced.}) 29... Rc2 30. Rd2 (30. Qe3 $142 Qc3 31. Rdb1) 30... g5 31. Rxc2 dxc2 {[%emt 0:00:13] Black mates.} 32. Qe3 Qxe3 33. fxe3 Rd2 34. g4 h5 {[%emt 0:01:23] Weighted Error Value: White=0.85/Black=0.16 (very precise)} 0-1

[Event "16th Serbian-ch Women 2022"]
[Site "Bajina Basta"]
[Date "2022.12.09"]
[Round "4.3"]
[White "Drljevic, Ljilja"]
[Black "Vujcic, Milena"]
[Result "0-1"]
[ECO "A45"]
[WhiteElo "2175"]
[BlackElo "2029"]
[Annotator "TA"]
[PlyCount "132"]
[EventDate "2022.12.06"]
[EventType "tourn"]
[EventCountry "SRB"]
[SourceTitle "playchess.com"]
[Source "ChessBase"]
[SourceQuality "1"]
[TimeControl "40/5400+30:1800+30"]

1. d4 Nf6 2. Bg5 g6 3. Bxf6 exf6 4. e3 Bg7 5. g3 d6 6. Bg2 f5 7. Ne2 Nd7 8. c4 Nf6 9. Nbc3 O-O 10. O-O a6 {[%emt 0:01:00] 10...h5 is becoming the main line. A45: Trompowsky Attack.} 11. b4 Re8 12. Qd3 Rb8 {[%emt 0:01:01] White is slightly better.} 13. a4 {[%emt 0:11:33] [#]} h5 $146 ({Predecessor:} 13... Be6 14. a5 d5 15. cxd5 Nxd5 16. b5 axb5 17. Qxb5 c6 18. Qb2 Nxc3 19. Qxc3 Qd7 {½-½ (73) Livaja,M (2298)-Wagner,D (2581) Chess.com INT 2020}) 14. h4 Ng4 15. Nf4 g5 16. Nxh5 gxh4 17. e4 (17. Nxg7 $11 Kxg7 18. e4) 17... Qg5 (17... hxg3 $15 18. fxg3 Qg5 19. Nxg7 Kxg7) 18. Nxg7 $11 Kxg7 19. Rfe1 ({White should try} 19. gxh4 $1 $11 Qxh4 20. Qg3 (20. exf5 $2 Qh2#) 20... Qxg3 21. fxg3) 19... hxg3 $15 20. fxg3 (20. Qxg3 $2 {perishes.} f4 21. Qf3 Nh2 $1 22. Kxh2 Rh8+ 23. Kg1 Rh3 $19) 20... Qh5 {[%emt 0:12:15][%cal Ob7b5] ...b5! is the strong threat.} 21. Qf3 {[%emt 0:03:05] Inhibits b5.} (21. Re2 $1 $15) 21... fxe4 (21... Rh8 22. Nd5 $15) (21... Be6 $142 22. Nd5 c6) 22. Nxe4 $17 f5 {[%emt 0:00:16] Really sharp!} ({Better is} 22... Re6 $17 {aiming for ...Bd7.} 23. Qf4 Rg6) 23. Nf2 $11 Be6 {[%emt 0:06:23] White must now prevent ...Qh2+.} 24. d5 Bf7 25. Nxg4 Qxg4 26. Qxg4+ (26. Qc3+ {is more complex.} Kg8 27. Kf2 f4 28. Qf3) 26... fxg4 27. Kf2 Kf6 28. Ra3 Rxe1 29. Kxe1 {[%emt 0:00:02][%mdl 4096] Endgame KRB-KRB} Re8+ (29... Ke5 $5 ) 30. Kd2 Bg6 31. Re3 Rxe3 32. Kxe3 {[%emt 0:00:02] KB-KB} Ke5 33. a5 Bf5 34. Bf1 Bc8 35. Bd3 b6 36. Bg6 bxa5 37. bxa5 Bd7 {[%emt 0:02:28] Inhibits Be8.} 38. Bh5 Kf5 $1 39. Bf7 Kf6 40. Bh5 Kg5 41. Bf7 Kf6 42. Bg8 Ke5 (42... Kg7 $5 43. Be6 $8 Bxe6 44. dxe6 Kf6 $11) 43. Bh7 c5 ({Black should play} 43... Bf5 $11 44. Bxf5 Kxf5) 44. Bc2 (44. dxc6 $1 $14 Bxc6 45. Bd3) 44... Be8 45. Bh7 Bd7 46. Bg8 Bc8 47. Bf7 Bd7 48. Bh5 Kf5 49. Kd3 Ke5 50. Bf7 Kf6 51. Bg8 {[%emt 0:00:43][%mdl 8192] Black continues to play with concentration.} (51. Bh5 $11) 51... Kg7 $1 52. Be6 Bxe6 53. dxe6 {[%emt 0:00:02] KP-KP} Kf6 {[%emt 0:00:00] Black mates.} 54. e7 Kxe7 55. Ke3 Ke6 56. Kf4 d5 57. Kxg4 {[%emt 0:00:44] [#] K3P-K3P} d4 $1 ({Not} 57... dxc4 58. Kf4 $11) 58. Kf4 Kf6 59. g4 Kg6 60. g5 {[%emt 0:00:33] [#]} d3 $1 61. Ke3 Kxg5 62. Kxd3 Kf4 63. Kd2 Ke4 64. Kc3 Ke3 65. Kc2 Kd4 66. Kb3 Kd3 {[%emt 0:00:00] Weighted Error Value: White=0.25 (precise) /Black=0.10 (very precise)} 0-1

[Event "16th Serbian-ch Women 2022"]
[Site "Bajina Basta"]
[Date "2022.12.09"]
[Round "4.4"]
[White "Srdanovic, Jovana"]
[Black "Bojicic, Andjela"]
[Result "1/2-1/2"]
[ECO "E90"]
[WhiteElo "2189"]
[BlackElo "2117"]
[Annotator "TA"]
[PlyCount "51"]
[EventDate "2022.12.06"]
[EventType "tourn"]
[EventCountry "SRB"]
[SourceTitle "playchess.com"]
[Source "ChessBase"]
[SourceQuality "1"]
[TimeControl "40/5400+30:1800+30"]

1. d4 g6 2. c4 Bg7 3. Nc3 d6 4. Nf3 Nf6 5. e4 O-O 6. h3 c6 7. Be3 Nbd7 8. Be2 e5 9. d5 {[%emt 0:01:33] E90: King's Indian: Classical: Early deviations and 6 h3.} c5 (9... cxd5 $14 10. cxd5 Nh5) 10. g4 $16 {[%emt 0:04:38] White is more active.} a6 11. Nd2 {[%emt 0:00:51] White is better.} Ne8 12. Rg1 {[%emt 0:01:07] [#]} Nc7 $146 ({Predecessor:} 12... Bf6 13. g5 Be7 14. h4 h5 15. Bxh5 gxh5 16. Qxh5 Ng7 17. Qh6 Re8 18. g6 fxg6 19. Qxg6 {1-0 (27) Guerrero Sierra,J (2339)-Arenas Vanegas,D (2449) Tunja 2018}) 13. a4 b6 14. Bd3 Rb8 15. Qe2 Nf6 16. h4 ({White should try} 16. O-O-O $16) 16... Qd7 {[%emt 0:11:10][%cal Rf6g4] [#]} 17. f3 $1 h5 18. O-O-O ({White should play} 18. g5 $16 Nfe8 19. a5) 18... hxg4 $11 19. fxg4 Nxg4 {[%emt 0:03:10] The position is equal.} 20. h5 Nxe3 $1 21. Qxe3 {[%emt 0:00:14] Rg3 is the strong threat.} Qh3 $132 {[%emt 0:00:31][%mdl 2048] Black is fighting back} (21... gxh5 $2 {[#]} 22. Rxg7+ $1 (22. Qh6 Ne8 $16) 22... Kxg7 23. Qg5+ Kh7 24. Qxh5+ Kg7 25. Rh1 $18) 22. Qxh3 Bxh3 23. Rg3 Bd7 24. hxg6 fxg6 25. Rxg6 Rf6 26. Rdg1 {[%emt 0:00:06] Weighted Error Value: White=0.12 (very precise) /Black=0.07 (flawless)} (26. Rxf6 $11 Bxf6 27. b3) 1/2-1/2

[Event "16th Serbian-ch Women 2022"]
[Site "Bajina Basta"]
[Date "2022.12.10"]
[Round "4.5"]
[White "Grozdanovic, Anastasia"]
[Black "Dimitrijevic, Andjela"]
[Result "1-0"]
[ECO "D25"]
[WhiteElo "1870"]
[BlackElo "1993"]
[Annotator "TA"]
[PlyCount "117"]
[EventDate "2022.12.06"]
[EventType "tourn"]
[EventCountry "SRB"]
[SourceTitle "playchess.com"]
[Source "ChessBase"]
[SourceQuality "1"]
[TimeControl "40/5400+30:1800+30"]

1. d4 d5 2. c4 dxc4 3. Nf3 Nf6 4. e3 Bg4 5. Bxc4 e6 6. h3 Bh5 7. Nc3 Nbd7 {[%emt 0:07:04] 7...Nc6 gains popularity.} 8. O-O Bb4 {[%emt 0:01:12] D25: Queen's Gambit Accepted: 4 e3: sidelines and 4...Bg4.} 9. Be2 O-O 10. Bd2 c5 11. a3 Bxc3 12. Bxc3 Ne4 13. Rc1 Nxc3 14. Rxc3 {[%emt 0:00:54] [#]} b6 $146 ({Predecessor:} 14... Rc8) 15. Bb5 (15. dxc5 $14 Nxc5 16. Rc4) 15... cxd4 (15... Bxf3 {simplifies} 16. Qxf3 cxd4 17. exd4 Nf6) 16. Qxd4 Bxf3 17. Bxd7 Qg5 18. g3 Rfd8 19. e4 {[%emt 0:02:55] Inhibits Qf5.} Be2 20. Re1 Bb5 (20... Qe7 {simplifies} 21. Rxe2 Qxd7 22. Qxd7 Rxd7 23. Rec2 g5) 21. Rc7 Bxd7 22. Rxd7 Rxd7 23. Qxd7 $11 {[%emt 0:00:07][%mdl 4096] Endgame KQR-KQR} Rd8 24. Qc7 Qd2 25. Re3 Qd7 26. Rc3 {[%emt 0:01:45] aiming for Qxd7.} Kf8 27. Qf4 {[%emt 0:01:24] Rc7 is the strong threat.} Rc8 {[%emt 0:01:31] Against Rc7} 28. Rxc8+ Qxc8 {[%emt 0:00:01] KQ-KQ} 29. Qd6+ Kg8 30. Qe7 a5 {[%emt 0:00:26] [#]} (30... g6 $11 {remains equal.}) 31. Qd6 $1 $16 {[%emt 0:00:52] White is more active.} b5 {[%emt 0:00:38] [#]} (31... h6 $14) 32. Qb6 $1 g6 (32... h5 $16) 33. Qxb5 $18 Qc1+ 34. Kg2 Qe1 (34... Qc2 {is a better defense.}) 35. Qb8+ Kg7 36. Qe5+ Kg8 $2 (36... Kf8 37. Qc5+ Ke8) 37. Qd4 h5 38. h4 Qb1 39. Qe5 $2 (39. b4 $18 axb4 40. Qxb4 (40. axb4 Qb3 $16)) 39... a4 $16 40. Qb8+ Kh7 41. Qb7 Kg7 42. Qb4 Qd1 43. Qc3+ Kg8 44. e5 ({White should play} 44. Qc4 $16) 44... Qd5+ $11 {[%emt 0:06:41] The position is equal.} 45. f3 Qb5 46. Kf2 Qb6+ 47. Ke2 Qb5+ 48. Ke3 Qf1 49. Kf4 Qb1 50. g4 hxg4 51. fxg4 Kg7 52. Kg5 Qd1 53. Kf4 Qf1+ 54. Kg3 Qg1+ 55. Kf3 Qh1+ 56. Kg3 Qg1+ 57. Kf4 Qf1+ 58. Kg5 Qd1 59. Kf4 {[%emt 0:01:50][%mdl 32768] Black escapes into a draw.   Weighted Error Value: White=0.18 (very precise) /Black=0.14 (very precise) . Sensor Board Error (Ke4/e5)?} 1-0

[Event "16th Serbian-ch Women 2022"]
[Site "Bajina Basta"]
[Date "2022.12.10"]
[Round "5.1"]
[White "Dimitrijevic, Andjela"]
[Black "Eric, Jovana"]
[Result "0-1"]
[ECO "B23"]
[WhiteElo "1993"]
[BlackElo "2245"]
[Annotator "TA"]
[PlyCount "111"]
[EventDate "2022.12.06"]
[EventType "tourn"]
[EventCountry "SRB"]
[SourceTitle "playchess.com"]
[Source "ChessBase"]
[SourceQuality "1"]
[TimeControl "40/5400+30:1800+30"]

1. e4 c5 2. Nc3 d6 3. Bb5+ Nd7 4. d4 cxd4 5. Qxd4 a6 6. Bxd7+ {[%emt 0:02:55] B23: Closed Sicilian: Lines without g3.} Bxd7 7. Nge2 Rc8 8. f3 {[%emt 0:04:07] [#] The position is equal.} e5 $146 ({Predecessor:} 8... Nf6 9. Bg5 e6 10. O-O-O Be7 11. Bxf6 Bxf6 12. Qxd6 Qc7 13. Qxc7 Rxc7 14. Rd3 Ke7 {1-0 (40) Guseinov,G (2666)-Dominguez Perez,L (2758) Chess.com INT 2020}) 9. Qd3 h6 10. Be3 Nf6 11. O-O-O b5 12. Kb1 (12. a3 $11 {is more appropriate.}) 12... b4 $15 13. Nd5 Nxd5 14. Qxd5 Qc7 15. Qd2 Be7 16. g4 Be6 17. Rc1 {[%emt 0:06:18] [#]} (17. Ng3 $11) 17... a5 (17... Qa5 $1 $17 18. b3 d5 19. exd5 Bxd5) 18. Ng3 Qc4 19. b3 Qc3 20. Rcd1 g6 (20... Qxd2 {simplifies} 21. Rxd2 g6 22. Rd3 Kd7) 21. h4 Qxd2 {[%emt 0:01:24] The board is on fire.} 22. Rxd2 Rc3 {[%emt 0:00:26] Prevents h5.} 23. Rd3 Rxd3 24. cxd3 d5 25. h5 d4 26. Bc1 g5 27. Nf1 Kd7 28. Nd2 Rb8 29. Nc4 Rb5 30. Rd1 Rc5 31. Bb2 Kc7 32. Ba1 a4 33. Bb2 Kc6 34. Ba1 (34. Rc1 $11 {keeps the balance.}) 34... Bxc4 $17 35. dxc4 {[%emt 0:01:07][%mdl 4096] Endgame [#] KRB-KRB} a3 $1 {[%emt 0:02:19] Against Bb2} 36. Kc2 Kb6 37. Kd3 Rc6 38. Ke2 Rf6 39. Rf1 Rf4 {[%emt 0:00:08] Black is more active.} 40. Kd3 $2 {[%emt 0:00:50][%mdl 8192] Now White is beyond hope.} (40. Re1 $17 {is a better chance.}) 40... Bc5 $19 {[%emt 0:01:54][%cal Of7f5] And now ...f5! would win.} 41. Ke2 f5 42. exf5 (42. gxf5 $142 g4 43. Kf2) 42... e4 43. Bxd4 Bxd4 44. fxe4 Rxe4+ {[%emt 0:03:52] KRB-KR} 45. Kd3 Rxg4 46. f6 Bc5 47. Re1 Rd4+ 48. Kc2 Rf4 49. Re6+ Kc7 {[%emt 0:00:04] Strongly threatening ...g4.} 50. Kd1 Kd7 51. Ra6 Bd6 {[%emt 0:00:40] ...g4 is the strong threat.} 52. c5 Bxc5 {[%emt 0:00:08] ( -> ...g4)} 53. f7 Bf8 (53... Bd6 $142 54. Ra7+ Ke6 55. Ra8 Rxf7 56. Re8+ Kd5 57. Kd2 Rf2+ 58. Kd3 Rxa2 59. Ra8 g4 60. Ra5+ Bc5 61. Ra6 g3 62. Rg6 Rb2 63. Rg8 Bd6 64. Rg7 Rxb3+ 65. Kc2 Rc3+ 66. Kd1 a2 67. Ra7 g2 68. Ke2 g1=Q 69. Ra5+ Ke4 70. Re5+ Bxe5 71. Kd2 Qh2+ 72. Ke1 a1=Q#) 54. Rb6 Rxf7 55. Ke2 {[%emt 0:00:46] [#]} Rf2+ $3 56. Ke3 {[%emt 0:00:55] Weighted Error Value: White=0.67/Black=0.05 (flawless)} (56. Kd3 Rxa2) 0-1